[Event "Queens Festival Final Team 2022"]
[Site "Tornelo"]
[Date "2022.06.26"]
[Round "8.6"]
[White "Song, Yuxin"]
[Black "khezrian, Neda"]
[Result "1-0"]
[ECO "C78"]
[WhiteElo "2317"]
[BlackElo "1056"]
[Annotator "TA"]
[PlyCount "41"]
[EventDate "2022.06.24"]
[EventType "team-tourn"]
[EventCountry "NET"]
[SourceTitle "playchess.com"]
[Source "ChessBase"]
[SourceQuality "1"]
[WhiteTeam "China"]
[BlackTeam "Iran"]
[WhiteTeamCountry "CHN"]
[BlackTeamCountry "IRI"]
[TimeControl "180+2"]

1. e4 e5 2. Nf3 Nc6 3. Bb5 a6 4. Ba4 Nf6 5. O-O Bc5 6. c3 d6 (6... O-O $11 {remains equal.}) 7. d4 $16 {[%emt 0:00:02] C78: Ruy Lopez: Archangelsk and Möller Defences.} exd4 8. cxd4 Ba7 9. d5 {[%emt 0:00:02] White is better.} b5 10. dxc6 {[%emt 0:00:08] [#] Hoping for Bc2.} bxa4 11. Nc3 O-O 12. Bg5 $36 {[%emt 0:00:03][%mdl 2048] [#] White is on the roll. White is more active.} Bg4 $146 {[%emt 0:00:27] [#]} (12... h6 $16 {keeps fighting.} 13. Bxf6 Qxf6) ({Predecessor:} 12... Be6 13. Qxa4 Re8 14. e5 h6 15. Bxf6 gxf6 16. exd6 cxd6 17. Qf4 Kh7 18. Rad1 Bb8 19. Nd5 Bxd5 20. Rxd5 Rg8 21. Qe4+ Rg6 22. Nh4 {1-0 (22) Picos Nebril,J-Kato,T ICCF email 2007}) 13. Nd5 $1 $18 (13. Qxa4 $6 Bxf3 14. gxf3 h6 $14) ({Weaker is} 13. Nxa4 Rb8 $14) 13... Re8 14. h3 Bh5 (14... Bxf3 $142 15. Qxf3 (15. gxf3 Qc8 $11) 15... Bd4) 15. Bxf6 ({Resist} 15. Qxa4 $6 a5 16. Qc4 Kh8 $18) 15... gxf6 16. Re1 Bg6 (16... Kg7 $142 17. Qxa4 Bxf3) 17. Qxa4 Kh8 18. Rad1 f5 $2 (18... a5 19. Qc4 Kg7) 19. Qc4 {[%emt 0:00:02] White is clearly winning.} fxe4 20. Qc3+ Kg8 21. Nf6+ {[%emt 0:00:02] White took control after the opening.  Weighted Error Value: White=0.34/Black=0.44} 1-0

[Event "Queens Festival Final Team 2022"]
[Site "Tornelo"]
[Date "2022.06.26"]
[Round "8.6"]
[White "Masoumi, Sahar"]
[Black "Hong, Xing"]
[Result "1-0"]
[ECO "A59"]
[WhiteElo "2004"]
[BlackElo "1999"]
[Annotator "NA RC"]
[PlyCount "83"]
[EventDate "2022.06.24"]
[EventType "team-tourn"]
[EventCountry "NET"]
[SourceTitle "playchess.com"]
[Source "ChessBase"]
[SourceQuality "1"]
[WhiteTeam "Iran"]
[BlackTeam "China"]
[WhiteTeamCountry "IRI"]
[BlackTeamCountry "CHN"]
[TimeControl "180+2"]

1. d4 Nf6 2. c4 c5 3. d5 b5 4. cxb5 a6 5. bxa6 Bxa6 6. Nc3 d6 7. e4 Bxf1 8. Kxf1 g6 9. Nf3 Bg7 10. g3 O-O 11. Kg2 Nbd7 12. a4 Ra6 13. Qc2 Qa8 14. Re1 e6 15. Nb5 Qb7 16. dxe6 fxe6 17. Bf4 d5 18. Nd6 Qa8 19. Ng5 e5 20. Bxe5 Nxe5 21. Nb5 Qc6 22. f4 Nc4 23. Kg1 h6 24. exd5 Qxd5 25. Rad1 Qb7 26. Qxc4+ Kh8 27. Ne6 Rfa8 28. Nxc5 Qc6 29. Re6 Qc8 30. Nd6 Rxd6 31. Rexd6 Qg4 32. Rd8+ Rxd8 33. Rxd8+ Kh7 34. Ne4 h5 35. Nxf6+ Bxf6 36. Qf7+ Bg7 37. Rd7 Qxd7 38. Qxd7 Kh6 39. a5 Bf6 40. a6 Bxb2 41. a7 Bd4+ 42. Qxd4 1-0

[Event "Queens Festival Final Team 2022"]
[Site "Tornelo"]
[Date "2022.06.26"]
[Round "8.6"]
[White "Cui, Wen"]
[Black "Davari, Sara"]
[Result "1-0"]
[ECO "C47"]
[WhiteElo "1718"]
[BlackElo "1674"]
[Annotator "NA RC"]
[PlyCount "107"]
[EventDate "2022.06.24"]
[EventType "team-tourn"]
[EventCountry "NET"]
[SourceTitle "playchess.com"]
[Source "ChessBase"]
[SourceQuality "1"]
[WhiteTeam "China"]
[BlackTeam "Iran"]
[WhiteTeamCountry "CHN"]
[BlackTeamCountry "IRI"]
[TimeControl "180+2"]

1. e4 e5 2. Nf3 Nf6 3. Nc3 Nc6 4. d4 exd4 5. Nxd4 Bb4 6. Nxc6 bxc6 7. Bd3 O-O 8. O-O d5 9. exd5 Bg4 10. Be2 Bxe2 11. Nxe2 cxd5 12. c3 Bd6 13. Bg5 c6 14. h3 h6 15. Bh4 Be7 16. Nd4 Qd7 17. Qf3 Ne4 18. Bxe7 Qxe7 19. Nxc6 Qd6 20. Nb4 a5 21. Nc2 Nd2 22. Qd3 Nxf1 23. Rxf1 Rab8 24. b3 Rfc8 25. Ne3 Rd8 26. Nf5 Qe6 27. Nd4 Qb6 28. Qg3 Rbc8 29. Re1 Re8 30. Rd1 Qc7 31. Qg4 Qxc3 32. Nf5 Qf6 33. Rxd5 Rcd8 34. Rxa5 Kh7 35. Ne3 Qg6 36. Qf3 Qf6 37. Rf5 Qa1+ 38. Kh2 f6 39. a4 Re5 40. Rf4 Rc5 41. Rg4 Qe5+ 42. g3 Rc1 43. Qb7 Rc7 44. Qf3 Rc1 45. Qb7 Rg8 46. Re4 Qc7 47. Qb5 Rc5 48. Qb4 Re5 49. Rf4 Re7 50. Nf5 Rf7 51. Rh4 Qb7 52. Qd2 Qe4 53. Rxh6+ gxh6 54. Qxh6# 1-0

[Event "Queens Festival Final Team 2022"]
[Site "Tornelo"]
[Date "2022.06.26"]
[Round "8.6"]
[White "Khezrian, Nooralzahra"]
[Black "Jiang, Tianyu"]
[Result "1-0"]
[ECO "B23"]
[WhiteElo "1269"]
[BlackElo "1502"]
[Annotator "NA RC"]
[PlyCount "79"]
[EventDate "2022.06.24"]
[EventType "team-tourn"]
[EventCountry "NET"]
[SourceTitle "playchess.com"]
[Source "ChessBase"]
[SourceQuality "1"]
[WhiteTeam "Iran"]
[BlackTeam "China"]
[WhiteTeamCountry "IRI"]
[BlackTeamCountry "CHN"]
[TimeControl "180+2"]

1. e4 c5 2. Nc3 Nc6 3. f4 g6 4. Nf3 Bg7 5. Bb5 Nd4 6. a4 e6 7. O-O Ne7 8. Nxd4 cxd4 9. Ne2 a6 10. Bd3 O-O 11. c3 dxc3 12. dxc3 Qb6+ 13. Kh1 a5 14. Rb1 d6 15. Rf3 Bd7 16. Be3 Qc7 17. Nd4 e5 18. Nb5 Bxb5 19. Bxb5 Rad8 20. Qg1 Nc8 21. Rd1 Qb8 22. f5 f6 23. Bc4+ Kh8 24. Be6 Ne7 25. Bb6 gxf5 26. Bxd8 Rxd8 27. Bxf5 Qc7 28. Qf2 d5 29. exd5 Rxd5 30. Rxd5 Nxd5 31. h3 Nf4 32. Qh4 h6 33. g3 Qc6 34. Bg4 Nd3 35. Kh2 e4 36. Re3 Ne5 37. Qh5 Qd5 38. Qe8+ Kh7 39. Bf5+ Ng6 40. Bxg6# 1-0

[Event "Queens Festival Final Team 2022"]
[Site "Tornelo"]
[Date "2022.06.26"]
[Round "9.1"]
[White "Grigoryan, Meri"]
[Black "Masoumi, Sahar"]
[Result "0-1"]
[ECO "E90"]
[WhiteElo "1993"]
[BlackElo "2004"]
[Annotator "NA RC"]
[PlyCount "68"]
[EventDate "2022.06.24"]
[EventType "team-tourn"]
[EventCountry "NET"]
[SourceTitle "playchess.com"]
[Source "ChessBase"]
[SourceQuality "1"]
[WhiteTeam "England"]
[BlackTeam "Iran"]
[WhiteTeamCountry "ENG"]
[BlackTeamCountry "IRI"]
[TimeControl "180+2"]

1. d4 Nf6 2. c4 g6 3. Nc3 Bg7 4. Nf3 d6 5. h3 O-O 6. e4 e5 7. d5 Na6 8. Be3 Nc5 9. Bxc5 dxc5 10. Be2 Nh5 11. g3 Re8 12. Nh2 Nf6 13. Ng4 a6 14. Nxf6+ Bxf6 15. Bg4 Bg7 16. O-O h5 17. Bxc8 Qxc8 18. Kg2 f5 19. exf5 Qxf5 20. g4 hxg4 21. Qxg4 Rf8 22. Rae1 Rae8 23. Ne4 b6 24. Ng5 Qxg4+ 25. hxg4 Rf4 26. Kg3 Rxc4 27. Ne6 Re7 28. Re2 e4 29. b3 Rc3+ 30. Kf4 Bh8 31. Rxe4 Rd3 32. Rfe1 Rf7+ 33. Kg5 Rxd5+ 34. Kxg6 Rf6# 0-1

[Event "Queens Festival Final Team 2022"]
[Site "Tornelo"]
[Date "2022.06.26"]
[Round "9.1"]
[White "Davari, Sara"]
[Black "Posadas, Rayelynn"]
[Result "1/2-1/2"]
[ECO "B40"]
[WhiteElo "1674"]
[BlackElo "1648"]
[Annotator "NA RC"]
[PlyCount "181"]
[EventDate "2022.06.24"]
[EventType "team-tourn"]
[EventCountry "NET"]
[SourceTitle "playchess.com"]
[Source "ChessBase"]
[SourceQuality "1"]
[WhiteTeam "Iran"]
[BlackTeam "England"]
[WhiteTeamCountry "IRI"]
[BlackTeamCountry "ENG"]
[TimeControl "180+2"]

1. e4 c5 2. Nf3 e6 3. b3 Nc6 4. Bb2 Qc7 5. d4 d5 6. exd5 exd5 7. Bd3 Be6 8. Nbd2 Nf6 9. h3 Bd6 10. dxc5 Bxc5 11. O-O Be7 12. Rc1 O-O 13. Re1 Rac8 14. Nf1 Rfd8 15. Ne3 Qf4 16. Qd2 Bxh3 17. gxh3 Qxf3 18. Bf5 Ne4 19. Qe2 Qxe2 20. Rxe2 Rc7 21. Nxd5 Rxd5 22. Bxe4 Rd8 23. Rce1 Bc5 24. Bxc6 bxc6 25. Re8+ Rxe8 26. Rxe8+ Bf8 27. Ba3 c5 28. b4 f6 29. bxc5 Kf7 30. Ra8 Be7 31. Bb4 Ke6 32. c4 g5 33. a3 h5 34. Kg2 Bxc5 35. Bxc5 Rxc5 36. Rxa7 Rxc4 37. Ra6+ Kf5 38. Ra5+ Kf4 39. Rb5 Rc3 40. a4 Ra3 41. Rb4+ Kf5 42. Rb5+ Kg6 43. a5 g4 44. hxg4 hxg4 45. Rc5 f5 46. Rc6+ Kg5 47. a6 Kf4 48. Rc4+ Kg5 49. Rc6 f4 50. Rb6 Ra5 51. Rc6 Kf5 52. Rb6 Kg5 53. Rc6 f3+ 54. Kg3 Ra1 55. Rc5+ Kg6 56. Kxg4 Rxa6 57. Kxf3 Rf6+ 58. Kg3 Re6 59. f4 Kf6 60. Kg4 Re4 61. Rc6+ Kf7 62. Kg5 Rb4 63. f5 Rb1 64. Rc7+ Kf8 65. Ra7 Rg1+ 66. Kf6 Kg8 67. Ra8+ Kh7 68. Kf7 Rg7+ 69. Kf6 Rb7 70. Ra6 Rc7 71. Ke6 Rb7 72. f6 Kg6 73. Rc6 Rf7 74. Ke5 Rd7 75. Re6 Kf7 76. Rb6 Rc7 77. Rb5 Rd7 78. Kf5 Rc7 79. Kg5 Rd7 80. Ra5 Rc7 81. Kf5 Rd7 82. Ke5 Rc7 83. Ra4 Rc5+ 84. Kd6 Rc1 85. Rf4 Rd1+ 86. Ke5 Re1+ 87. Kf5 Re6 88. Kg5 Ra6 89. Rb4 Ra5+ 90. Kh6 Kxf6 91. Rb6+ 1/2-1/2

[Event "Queens Festival Final Team 2022"]
[Site "Tornelo"]
[Date "2022.06.26"]
[Round "9.1"]
[White "Catabay, Mae Katelyn Rose"]
[Black "Khezrian, Nooralzahra"]
[Result "1-0"]
[ECO "E72"]
[WhiteElo "1321"]
[BlackElo "1269"]
[Annotator "NA RC"]
[PlyCount "89"]
[EventDate "2022.06.24"]
[EventType "team-tourn"]
[EventCountry "NET"]
[SourceTitle "playchess.com"]
[Source "ChessBase"]
[SourceQuality "1"]
[WhiteTeam "England"]
[BlackTeam "Iran"]
[WhiteTeamCountry "ENG"]
[BlackTeamCountry "IRI"]
[TimeControl "180+2"]

1. d4 Nf6 2. c4 g6 3. Nc3 Bg7 4. g3 d6 5. Bg2 O-O 6. e4 e5 7. d5 a5 8. Nge2 Na6 9. O-O Nc5 10. Be3 Nfd7 11. a3 f5 12. f3 Na6 13. Rb1 fxe4 14. fxe4 Ndc5 15. b4 axb4 16. axb4 Nd7 17. Qd2 b6 18. Ra1 Rxf1+ 19. Bxf1 Bb7 20. Rb1 Qf6 21. Bg5 Qf7 22. Bg2 Rf8 23. Rf1 Qe8 24. Nb5 Rxf1+ 25. Kxf1 Bf8 26. h4 Qf7+ 27. Kg1 Nf6 28. Bf3 Bc8 29. Kg2 Ng4 30. Ng1 h6 31. Bxg4 Bxg4 32. Bxh6 Bxh6 33. Qxh6 Nxb4 34. Qe3 Nc2 35. Qd2 Nd4 36. Nxd4 exd4 37. Qxd4 Qe7 38. e5 Qxe5 39. Qxg4 Qb2+ 40. Kh3 Qc2 41. Nf3 b5 42. Qe6+ Kg7 43. Qe7+ Kh6 44. Qf8+ Kh7 45. Ng5# 1-0

[Event "Queens Festival Final Team 2022"]
[Site "Tornelo"]
[Date "2022.06.26"]
[Round "9.1"]
[White "khezrian, Neda"]
[Black "Subramanian, Anusha"]
[Result "0-1"]
[ECO "D02"]
[WhiteElo "1056"]
[BlackElo "1671"]
[Annotator "NA RC"]
[PlyCount "64"]
[EventDate "2022.06.24"]
[EventType "team-tourn"]
[EventCountry "NET"]
[SourceTitle "playchess.com"]
[Source "ChessBase"]
[SourceQuality "1"]
[WhiteTeam "Iran"]
[BlackTeam "England"]
[WhiteTeamCountry "IRI"]
[BlackTeamCountry "ENG"]
[TimeControl "180+2"]

1. d4 d5 2. Bf4 Bf5 3. Nf3 e6 4. e3 Bd6 5. Bg3 Nf6 6. c3 O-O 7. Nbd2 c5 8. Be2 Nc6 9. O-O cxd4 10. cxd4 Bxg3 11. hxg3 a6 12. Ne5 Qc7 13. Ndf3 Rac8 14. Rc1 Qd6 15. Qb3 b5 16. a4 b4 17. Bxa6 Rc7 18. Bb5 Na5 19. Qd1 Rfc8 20. Rxc7 Rxc7 21. Qd2 Rc2 22. Qd1 Rxb2 23. Qc1 Rc2 24. Qd1 Qc7 25. Bd3 Bxd3 26. Nxd3 Qc3 27. Qe1 Qxd3 28. Ne5 Qc3 29. Qd1 b3 30. Qd3 Qxd3 31. Nxd3 b2 32. Nb4 Rc1 0-1

[Event "Queens Festival Final Team 2022"]
[Site "Tornelo"]
[Date "2022.06.26"]
[Round "9.2"]
[White "Ovezdurdiyeva, Jemal"]
[Black "Song, Yuxin"]
[Result "0-1"]
[ECO "E46"]
[WhiteElo "2061"]
[BlackElo "2317"]
[Annotator "TA"]
[PlyCount "96"]
[EventDate "2022.06.24"]
[EventType "team-tourn"]
[EventCountry "NET"]
[SourceTitle "playchess.com"]
[Source "ChessBase"]
[SourceQuality "1"]
[WhiteTeam "Turkmenistan"]
[BlackTeam "China"]
[WhiteTeamCountry "TKM"]
[BlackTeamCountry "CHN"]
[TimeControl "180+2"]

1. d4 Nf6 2. c4 e6 3. Nc3 Bb4 4. e3 O-O 5. Nge2 d5 6. a3 Be7 7. Nf4 b6 8. Bd3 {[%emt 0:00:02] E46: Nimzo-Indian: Rubinstein: 4 e3 0-0 5 Ne2 without early Bd3.} dxc4 9. Bxc4 Bb7 {[%emt 0:00:01] Prevents Qf3.} 10. O-O {[%emt 0:00:01] The position is equal.} c5 11. d5 {[%emt 0:00:16] Inhibits Nc6.} exd5 12. Nfxd5 {[%emt 0:00:06] [#]} Nxd5 $146 ({Predecessor:} 12... Nbd7 13. Nxe7+ Qxe7 14. Nd5 Qe4 15. Nxf6+ Nxf6 16. Qf3 Qxf3 17. gxf3 Bxf3 18. Re1 Rad8 {0-1 (43) Turkkan,E (1545)-Aktan,M (1758) Antalya 2018}) 13. Bxd5 Bxd5 14. Qxd5 Qxd5 15. Nxd5 Nc6 16. Nxe7+ Nxe7 17. e4 Rad8 18. Bg5 f6 19. Be3 Nc6 {[%emt 0:00:09][%cal Be7c6,Bc6e5,Be5g4,Bg4f2][%mdl 32] Inhibits b4.} 20. Rfd1 Rde8 ({Black should try} 20... Ne5 $15) 21. Rd6 (21. b4 $1 $11) 21... Ne5 22. Rc1 {[%emt 0:00:28] Inhibits Nc4.} Ng4 23. Rd7 (23. Bd2 $11) 23... Rf7 ({Much worse is} 23... Rxe4 $6 24. b4 $11) (23... Nxe3 $17 24. fxe3 Rf7 25. Rxf7 Kxf7) 24. Rxf7 (24. Rd3 $11) 24... Kxf7 $11 {[%emt 0:00:01][%mdl 4096] Endgame KRB-KRN} 25. Bf4 Rxe4 26. Bb8 Re2 27. b4 Nxf2 {[%emt 0:00:11] [#] aiming for ...Nd3.} ({Much less strong is} 27... Rxf2 28. h3 $16) 28. bxc5 Nd3 29. Rd1 Nxc5 {[%emt 0:00:14] And now ...a5 would win. Black is more active.} 30. Bxa7 Na4 31. Rb1 Re7 32. Bb8 Rb7 33. Bd6 Ke6 34. Bb4 Kd5 35. Rc1 Nc5 36. Rc2 Re7 37. Kf2 Nd3+ 38. Kf3 Nxb4 39. axb4 $17 {[%emt 0:00:01] KR-KR} Ra7 (39... Kd6 $142 40. h3 Rc7) 40. b5 Ra3+ 41. Kf4 (41. Ke2 $17) 41... Rb3 (41... Ra4+ $19 42. Kf3 Rc4 43. Rd2+ Rd4) 42. Rc7 g5+ 43. Kf5 Rxb5 {[%emt 0:00:01] [#] White must now prevent ...Kd6+.} 44. Rxh7 Rb2 45. g4 {[%emt 0:00:11][%mdl 8192] This move loses the game for White.} (45. g3 $11) 45... Rf2+ $19 46. Kg6 b5 {[%emt 0:00:00][%cal Bb6b5,Bb5b4][%mdl 32] ...b4 is the strong threat. Black is clearly winning.} 47. Rd7+ Kc6 48. Rf7 b4 {[%emt 0:00:03] Weighted Error Value: White=0.35/Black=0.17 (very precise)} 0-1

[Event "Queens Festival Final Team 2022"]
[Site "Tornelo"]
[Date "2022.06.26"]
[Round "9.2"]
[White "Hong, Xing"]
[Black "Shohradowa, Lala"]
[Result "1-0"]
[ECO "C01"]
[WhiteElo "1999"]
[BlackElo "1856"]
[Annotator "NA RC"]
[PlyCount "59"]
[EventDate "2022.06.24"]
[EventType "team-tourn"]
[EventCountry "NET"]
[SourceTitle "playchess.com"]
[Source "ChessBase"]
[SourceQuality "1"]
[WhiteTeam "China"]
[BlackTeam "Turkmenistan"]
[WhiteTeamCountry "CHN"]
[BlackTeamCountry "TKM"]
[TimeControl "180+2"]

1. e4 e6 2. d4 d5 3. Nc3 Nf6 4. Bg5 Be7 5. exd5 exd5 6. Bd3 O-O 7. Nge2 h6 8. Bh4 b6 9. O-O c5 10. dxc5 bxc5 11. Bxf6 Bxf6 12. Nxd5 Bxb2 13. Rb1 Bb7 14. Ndf4 Qf6 15. c3 Bxc3 16. Rxb7 Be5 17. Nd5 Qd6 18. f4 Qxd5 19. Bh7+ Kxh7 20. Qxd5 Bf6 21. Rxf7 Rxf7 22. Qxf7 Nc6 23. Qb7 Re8 24. Qxc6 Rxe2 25. Qxc5 Rxa2 26. Qf5+ Kh8 27. Rd1 a5 28. g4 Ra4 29. Qc8+ Kh7 30. Qc2+ 1-0

[Event "Queens Festival Final Team 2022"]
[Site "Tornelo"]
[Date "2022.06.26"]
[Round "9.2"]
[White "Agajanova, Meryem"]
[Black "Cui, Wen"]
[Result "1-0"]
[ECO "E01"]
[WhiteElo "1783"]
[BlackElo "1718"]
[Annotator "NA RC"]
[PlyCount "131"]
[EventDate "2022.06.24"]
[EventType "team-tourn"]
[EventCountry "NET"]
[SourceTitle "playchess.com"]
[Source "ChessBase"]
[SourceQuality "1"]
[WhiteTeam "Turkmenistan"]
[BlackTeam "China"]
[WhiteTeamCountry "TKM"]
[BlackTeamCountry "CHN"]
[TimeControl "180+2"]

1. d4 d5 2. Nf3 Nf6 3. c4 e6 4. Nbd2 c6 5. g3 Bd6 6. Bg2 O-O 7. O-O Nbd7 8. Qc2 b6 9. Rd1 Ba6 10. b3 Rc8 11. e4 dxe4 12. Nxe4 Nxe4 13. Qxe4 Nf6 14. Qe2 Qe7 15. Ne5 Bb7 16. Bb2 c5 17. Bxb7 Qxb7 18. dxc5 Bxc5 19. Rd3 Rfd8 20. Rad1 Be7 21. Rxd8+ Rxd8 22. Rxd8+ Bxd8 23. Qd3 Qc7 24. Nc6 Be7 25. Nxe7+ Qxe7 26. Qf3 Ne8 27. Qg4 f6 28. h4 Nd6 29. Ba3 Qd7 30. h5 Nf5 31. Bb2 Qd2 32. Bxf6 Kf7 33. Bg5 Qxa2 34. Qf3 Kg8 35. Qa8+ Kf7 36. Qb7+ Kg8 37. Qc8+ Kf7 38. Qd7+ Kf8 39. Qxe6 Qb1+ 40. Kg2 Qc2 41. Qc8+ Kf7 42. Qc7+ Kf8 43. Qd8+ Kf7 44. Qd5+ Kf8 45. Qf3 Kg8 46. g4 Nh6 47. Bxh6 gxh6 48. Qd5+ Kg7 49. Qd7+ Kg8 50. Qe6+ Kg7 51. Qe5+ Kg8 52. Qd5+ Kg7 53. Qf3 Qd2 54. Qe3 Qc2 55. Kg3 Qb1 56. Qd4+ Kg8 57. Qc3 Qg1+ 58. Kf3 Qh1+ 59. Ke2 Qe4+ 60. Kd2 Qxg4 61. Qg3 Qxg3 62. fxg3 Kf7 63. Ke3 Kf6 64. Kf4 a6 65. b4 Ke6 66. Ke4 1-0

[Event "Queens Festival Final Team 2022"]
[Site "Tornelo"]
[Date "2022.06.26"]
[Round "9.3"]
[White "Shah, Riya"]
[Black "Perez Rodriguez, Jennifer"]
[Result "0-1"]
[ECO "A45"]
[WhiteElo "1559"]
[BlackElo "2251"]
[Annotator "RC"]
[PlyCount "66"]
[EventDate "2022.06.24"]
[EventType "team-tourn"]
[EventCountry "NET"]
[SourceTitle "playchess.com"]
[Source "ChessBase"]
[SourceQuality "1"]
[WhiteTeam "Kenya"]
[BlackTeam "Paraguay"]
[WhiteTeamCountry "KEN"]
[BlackTeamCountry "PAR"]
[TimeControl "180+2"]

1. d4 Nf6 2. e3 b6 3. f4 Bb7 4. Nf3 d6 5. Bd3 g6 6. O-O Bg7 7. b3 Nbd7 8. Bb2 O-O 9. Nbd2 c5 10. c3 Rc8 11. e4 cxd4 12. cxd4 e5 13. fxe5 dxe5 14. d5 Nh5 15. Nc4 Nc5 16. Bxe5 b5 17. Bxg7 Kxg7 18. Ne3 Nf4 19. Bxb5 Qb6 20. Qd4+ Kg8 21. Bc4 Rfe8 22. Ng4 Nxe4 23. Qxb6 axb6 24. Rae1 Kg7 25. Nfe5 Nxd5 26. Rxf7+ Kg8 27. Bxd5 Bxd5 28. Nf6+ Nxf6 29. Rxf6 Kg7 30. Rff1 Rc2 31. Nd7 Rxg2+ 32. Kh1 Rg3+ 33. Rf3 Bxf3# 0-1

[Event "Queens Festival Final Team 2022"]
[Site "Tornelo"]
[Date "2022.06.26"]
[Round "9.3"]
[White "Mayeregger Gonzalez, Renata"]
[Black "Muthoni, Vivian"]
[Result "1-0"]
[ECO "C44"]
[WhiteElo "1461"]
[BlackElo "1128"]
[Annotator "NA RC"]
[PlyCount "37"]
[EventDate "2022.06.24"]
[EventType "team-tourn"]
[EventCountry "NET"]
[SourceTitle "playchess.com"]
[Source "ChessBase"]
[SourceQuality "1"]
[WhiteTeam "Paraguay"]
[BlackTeam "Kenya"]
[WhiteTeamCountry "PAR"]
[BlackTeamCountry "KEN"]
[TimeControl "180+2"]

1. e4 e5 2. Nf3 Nc6 3. d4 Bd6 4. d5 Nce7 5. c4 Nf6 6. Nc3 c6 7. Be3 cxd5 8. exd5 e4 9. c5 exf3 10. cxd6 fxg2 11. Bxg2 Nf5 12. Qf3 Nxd6 13. O-O-O O-O 14. Bc5 Qc7 15. Bd4 Qd8 16. Bh3 Re8 17. Rhg1 Kf8 18. Qg3 Nh5 19. Bxg7+ 1-0

[Event "Queens Festival Final Team 2022"]
[Site "Tornelo"]
[Date "2022.06.26"]
[Round "9.3"]
[White "Mayeregger Gonzalez, Fiorella"]
[Black "Mwendwa, Triza"]
[Result "0-1"]
[ECO "D12"]
[WhiteElo "1284"]
[BlackElo "1470"]
[Annotator "NA RC"]
[PlyCount "70"]
[EventDate "2022.06.24"]
[EventType "team-tourn"]
[EventCountry "NET"]
[SourceTitle "playchess.com"]
[Source "ChessBase"]
[SourceQuality "1"]
[WhiteTeam "Paraguay"]
[BlackTeam "Kenya"]
[WhiteTeamCountry "PAR"]
[BlackTeamCountry "KEN"]
[TimeControl "180+2"]

1. Nf3 d5 2. c4 c6 3. e3 Nf6 4. d4 Bf5 5. Nc3 e6 6. Be2 dxc4 7. Bxc4 Bd6 8. O-O Nbd7 9. Re1 Ne4 10. Bd3 Ndf6 11. Qc2 Nxc3 12. Bxf5 exf5 13. bxc3 Ne4 14. Nd2 Qe7 15. f3 Qh4 16. g3 Nxg3 17. hxg3 Bxg3 18. Re2 Qg5 19. Rg2 h5 20. Nf1 h4 21. e4 f4 22. Nxg3 hxg3 23. Qd2 Qh4 24. Kf1 Qh1+ 25. Rg1 Qh3+ 26. Qg2 Qxg2+ 27. Rxg2 Rh1+ 28. Ke2 g5 29. Bb2 Rxa1 30. Bxa1 O-O-O 31. e5 Rd5 32. Kd3 Ra5 33. Ke4 c5 34. Kf5 cxd4 35. cxd4 Ra3 0-1

[Event "Queens Festival Final Team 2022"]
[Site "Tornelo"]
[Date "2022.06.26"]
[Round "9.3"]
[White "Kosgey Sheila Jerop"]
[Black "Perez, Dalila"]
[Result "0-1"]
[ECO "C00"]
[WhiteElo "1242"]
[BlackElo "1799"]
[Annotator "NA RC"]
[PlyCount "34"]
[EventDate "2022.06.24"]
[EventType "team-tourn"]
[EventCountry "NET"]
[SourceTitle "playchess.com"]
[Source "ChessBase"]
[SourceQuality "1"]
[WhiteTeam "Kenya"]
[BlackTeam "Paraguay"]
[WhiteTeamCountry "KEN"]
[BlackTeamCountry "PAR"]
[TimeControl "180+2"]

1. e4 e6 2. d3 d5 3. Nd2 c5 4. Ngf3 Nf6 5. g3 Be7 6. Bg2 Nc6 7. O-O O-O 8. Re1 b5 9. Nf1 a5 10. h4 dxe4 11. dxe4 Qxd1 12. Rxd1 Nxe4 13. N3h2 f5 14. Re1 Bb7 15. Bxe4 fxe4 16. Rxe4 Nd4 17. Re2 Nxe2# 0-1

[Event "Queens Festival Final Team 2022"]
[Site "Tornelo"]
[Date "2022.06.26"]
[Round "9.4"]
[White "Medeiros, Thauane Ferreira"]
[Black "Moshoboro Arona"]
[Result "1-0"]
[ECO "D02"]
[WhiteElo "1884"]
[BlackElo "1555"]
[Annotator "NA RC"]
[PlyCount "87"]
[EventDate "2022.06.24"]
[EventType "team-tourn"]
[EventCountry "NET"]
[SourceTitle "playchess.com"]
[Source "ChessBase"]
[SourceQuality "1"]
[WhiteTeam "Brazil"]
[BlackTeam "Botswana"]
[WhiteTeamCountry "BRA"]
[BlackTeamCountry "BOT"]
[TimeControl "180+2"]

1. d4 e6 2. Bf4 d5 3. e3 Bd7 4. Bd3 Nf6 5. Nd2 c5 6. c3 Nc6 7. Ngf3 Be7 8. h3 O-O 9. O-O c4 10. Bc2 Rc8 11. e4 Qb6 12. Rb1 Rfd8 13. e5 Ne8 14. Ng5 g6 15. Qf3 Ng7 16. Be3 Rf8 17. Qg4 Qd8 18. Ngf3 Nf5 19. Bxf5 exf5 20. Qg3 Be6 21. Bh6 Re8 22. h4 Bf8 23. Bg5 Be7 24. h5 Bxg5 25. Nxg5 Bd7 26. hxg6 fxg6 27. Rfe1 Kg7 28. e6 Bxe6 29. Nxe6+ Rxe6 30. Rxe6 Qf8 31. Rbe1 Rc7 32. Qxc7+ Kh6 33. Qf4+ Kg7 34. Nf3 Qf7 35. Re8 b6 36. Ng5 Qb7 37. Ne6+ Kf7 38. Ng5+ Kg7 39. Qd6 Qc8 40. Rxc8 Na5 41. Rc7+ Kh6 42. Nf7+ Kh5 43. Qh2+ Kg4 44. f3# 1-0

[Event "Queens Festival Final Team 2022"]
[Site "Tornelo"]
[Date "2022.06.26"]
[Round "9.4"]
[White "Francis, Onkemetse"]
[Black "Bucci, Andrea Vidigal"]
[Result "1-0"]
[ECO "C41"]
[WhiteElo "1777"]
[BlackElo "1769"]
[Annotator "NA RC"]
[PlyCount "100"]
[EventDate "2022.06.24"]
[EventType "team-tourn"]
[EventCountry "NET"]
[SourceTitle "playchess.com"]
[Source "ChessBase"]
[SourceQuality "1"]
[WhiteTeam "Botswana"]
[BlackTeam "Brazil"]
[WhiteTeamCountry "BOT"]
[BlackTeamCountry "BRA"]
[TimeControl "180+2"]

1. e4 e5 2. Nf3 d6 3. d4 Nf6 4. Nc3 c6 5. dxe5 Ng4 6. exd6 Qb6 7. Qd4 Qxd4 8. Nxd4 Bxd6 9. h3 Ne5 10. Be3 O-O 11. Be2 Nbd7 12. O-O Nf6 13. Rad1 Bb4 14. Bd2 Bxc3 15. Bxc3 Nxe4 16. Bd2 Nxd2 17. Rxd2 Rd8 18. Rfd1 f6 19. f4 Nf7 20. Bc4 Kf8 21. Nf3 Rxd2 22. Rxd2 Bf5 23. c3 Rd8 24. Rxd8+ Nxd8 25. Nd4 Bd7 26. Nb3 b6 27. Nd4 Ke7 28. Kf2 c5 29. Nc2 Ne6 30. Ne3 Nxf4 31. Kf3 Nd3 32. Bxd3 Bc6+ 33. Kf2 Kd6 34. Nf5+ Ke5 35. Nxg7 Bd5 36. a3 c4 37. Bc2 b5 38. Nf5 a5 39. Ne7 Be6 40. Nc6+ Kf4 41. Nxa5 Bd5 42. a4 bxa4 43. Bxa4 f5 44. Bb5 h5 45. Bxc4 Ba8 46. Be2 h4 47. b4 Ke4 48. Ba6 Kf4 49. b5 Ke4 50. b6 Kd5 1-0